cohdb
Replays
Latest Replays
All Replays
Popular Replays
Top Player Replays
Match Explorer
How It Works
Community
CoH3 Stats
Reddit
Sign in to upload your games and track your stats! →
Sign in with Steam
Match 36559513
Unlisted
Match 36559513
Overview
Messages
Build Orders
End
Kradschützen Motorcycle Team
Panzergrenadier Squad
250 Light Carrier
Construct Light Support Kompanie
Assault Grenadier Squad
Panzerjäger Squad
Selects Italian Infantry
Selects Guastatori Squad
Guastatori Squad
Guastatori Squad
Fire Support Elements
Construct Panzerarmee Kommand
Panzer III L Medium Tank
Selects Registered Artillery
Selects Towed Cannone da 105/28 Field Howitzer
Panzer III L Medium Tank
Armored Reserves
Selects Defensive Operations
Selects Prepared Positions
Tiger Heavy Tank
Selects Obice 305mm Barrage
Obice 305mm Barrage
Towed Cannone da 105/28 Field Howitzer
Registered Artillery
Construct Mechanized Kompanie
18-tonne Recovery Half-track
Obice 305mm Barrage
Tungsten Core Ammunition
Vehicle Survival Package
Obice 305mm Barrage
Registered Artillery
purehate
Arschhaare
E-zy
Bruistablet
0
0
Comments
sign in to comment!
No comments posted yet!